 Dungeon Crawl Stone Soup version 0.25-a0-589-g1e14c549ee (webtiles) character file.

Game seed: 7312908398593565144, levelgen mode: deterministic

2109 Kohma the Cutter (level 9, -8/65 HPs)
             Began as a Demonspawn Gladiator on Mar 11, 2020.
             Was a Believer of Dithmenos.
             Mangled by an orc warrior
             ... wielding a +0 halberd
              (23 damage)
             ... in a bailey.
             The game lasted 00:19:15 (8137 turns).

Kohma the Cutter (Demonspawn Gladiator)             Turns: 8137, Time: 00:19:15

Health: -8/65      AC:  7    Str: 15    XL:     9   Next: 7%
Magic:  11/12      EV: 14    Int: 13    God:    Dithmenos [**....]
Gold:   121        SH:  0    Dex: 14    Spells: 3/8 levels left

rFire    . . .     SeeInvis .   a - +3 dagger (protect)
rCold    . . .     Gourm    .   (no shield)
rNeg     . . .     Faith    .   c - +0 leather armour
rPois    .         Spirit   .   (helmet restricted)
rElec    .         Reflect  .   v - +1 cloak
rCorr    .         Harm     .   (no gloves)
MR       +....                  (no boots)
Stlth    ++++......             (no amulet)
HPRegen  0.20/turn              h - ring of protection from magic
MPRegen  0.13/turn              (no ring)

@: wreathed by umbra
A: horns 2, iridescent scales 1, nightstalker 1
a: Shadow Step, Renounce Religion


You were in a bailey.
You worshipped Dithmenos.
Dithmenos was pleased with you.
You were hungry.

You visited 1 branch of the dungeon, and saw 7 of its levels.
You also visited: Bailey.

You collected 301 gold pieces.
You spent 180 gold pieces at shops.

Inventory:

Hand Weapons
 a - a +3 dagger of protection (weapon)
 b - a +1 antimagic dagger
 i - a +0 long sword
Missiles
 d - 4 throwing nets
 m - 123 sling bullets
 t - 8 poisoned darts (quivered)
Armour
 c - a +0 leather armour (worn)
 e - a cursed +0 tower shield
 v - a +1 cloak (worn)
 E - a +0 pair of boots
Jewellery
 h - a ring of protection from magic (left hand)
Wands
 r - a wand of iceblast (12)
 w - a wand of polymorph (7)
 y - a wand of flame (26)
Scrolls
 g - 2 scrolls of teleportation
 j - a scroll of remove curse
 n - 3 scrolls of blinking
 p - a scroll of fog
 q - a scroll of enchant armour
 A - a scroll of enchant weapon
Potions
 k - a potion of flight {unknown}
 l - 3 potions of brilliance
 o - a potion of heal wounds
 s - a potion of resistance
 u - 2 potions of stabbing
 x - 2 potions of lignification
 z - 3 potions of curing {unknown}
 B - a potion of might {unknown}
 C - a potion of ambrosia {unknown}
Comestibles
 f - 17 rations


   Skills:
 + Level 3.6 Fighting
 * Level 5.6(6.5) Short Blades
 - Level 5.0(6.2) Long Blades
 - Level 1.7 Throwing
 - Level 5.0 Dodging
 + Level 4.2 Stealth
 - Level 4.0 Hexes
 + Level 4.0 Invocations


You had 3 spell levels left.
You knew the following spells:

 Your Spells              Type           Power        Failure   Level  Hunger
a - Confusing Touch       Hex            ##......     22%         3    ####...
b - Slow                  Hex            ##......     11%         2    ###....

Your spell library contained the following spells:

 Spells                   Type           Power        Failure   Level  Hunger
 Corona                   Hex            ##.....      8%          1    ##.....
 Inner Flame              Hex/Fire       #.......     45%         3    ####...
 Portal Projectile        Hex/Tloc       #.....       45%         3    ####...
 Gell's Gravitas          Tloc           #.........   75%         3    ####...
 Cause Fear               Hex            ##........   58%         4    #####..
 Leda's Liquefaction      Hex/Erth       #.........   86%         4    #####..
 Petrify                  Tmut/Erth      #.......     98%         4    #####..
 Metabolic Englaciation   Hex/Ice        #.........   99%         5    ######.
 Yara's Violent Unravell  Hex/Tmut       #.........   99%         5    ######.


Dungeon Overview and Level Annotations

Branches:
Dungeon (7/15)             Temple (0/1) D:7          Bailey (1/1)

Altars:
Ashenzari
Cheibriados
Dithmenos
Fedhas
Hepliaklqana
Nemelex Xobeh
Qazlal
Ru
Trog
Yredelemnul

Shops:
D:5 *


Innate Abilities, Weirdness & Mutations

You have a pair of horns on your head.
You are partially covered in iridescent scales. (AC +2)
You are slightly more attuned to the shadows.


Message History

The iceblast engulfs the orc warrior!
The orc warrior is heavily wounded.
The iceblast engulfs the orc!
You kill the orc!
Dithmenos accepts your kill.
The iceblast engulfs the orc!
You kill the orc!
Dithmenos accepts your kill.
You can now step into the shadows of nearby creatures.
The orc warrior misses you. The orc closely misses you.
Evoke which item? (* to show all) (? for menu, Esc to quit)
Aiming: Iceblast
Press: ? - help, Shift-Dir - straight line The mass of ice explodes!
The iceblast engulfs the orc warrior!
The orc warrior is almost dead.
The iceblast engulfs the orc!
You kill the orc!
Dithmenos accepts your kill.
The orc warrior hits you from afar with a +0 halberd!!
You die... #ooooo..#

#.......#
#.......#
#.......#
#.......#
#.......#
#....o))#
#....).)#
#∩...))@#
#.......#
##..∩..##
#######


You could see an orc warrior.

Vanquished Creatures
  Pikel (D:7)
  Menkaure (D:5)
  An orc warrior (Bailey)
  An eye of draining (D:3)
  An ice beast (D:5)
  An ogre (D:4)
  A crocodile (D:7)
  Blork the orc (D:5)
  3 scorpions
  A wight (D:4)
  A howler monkey (D:4)
  2 bullfrog zombies
  4 crimson imps
  A hound (D:6)
  An orc priest (D:5)
  A bullfrog skeleton (D:4)
  An orc wizard (D:7)
  2 iguanas (D:5)
  Natasha (twice) (D:2)
  2 worker ants
  2 worker ant zombies
  7 gnolls
  10 adders
  2 adder zombies
  3 worms
  3 dart slugs
  5 leopard geckos
  23 orcs
  2 ball pythons
  6 giant cockroaches
  8 hobgoblins
  11 jackals
  A quokka (D:4)
  3 bats
  3 frilled lizards
  9 goblins
  10 kobolds
  4 rats
141 creatures vanquished.

Vanquished Creatures (others)
  A slave (D:7)
  An ice beast (D:7)
  2 gnolls (D:7)
  A giant cockroach (D:7)
  2 jackals (D:7)
7 creatures vanquished.

Grand Total: 148 creatures vanquished

Notes
Turn   | Place    | Note
-------+----------+-------------------------------------------
     0 | D:1      | Kohma the Demonspawn Gladiator began the quest for the Orb.
     0 | D:1      | Reached XP level 1. HP: 16/16 MP: 1/1
   387 | D:1      | Gained mutation: You are partially covered in iridescent
                  | scales. (AC +2) [demonic ancestry]
   387 | D:1      | Reached XP level 2. HP: 22/22 MP: 2/2
  1129 | D:2      | Noticed Natasha
  1132 | D:2      | Reached XP level 3. HP: 27/27 MP: 3/3
  1137 | D:2      | Killed Natasha
  1203 | D:2      | Gained mutation: You are slightly more attuned to the
                  | shadows. [demonic ancestry]
  1203 | D:2      | Reached XP level 4. HP: 33/33 MP: 4/4
  1366 | D:2      | Found a sparkling altar of Nemelex Xobeh.
  1486 | D:2      | Found a blossoming altar of Fedhas.
  1980 | D:2      | Found a stormy altar of Qazlal.
  2015 | D:2      | Found a hazy altar of Hepliaklqana.
  2026 | D:2      | Found a sacrificial altar of Ru.
  2054 | D:2      | Noticed Natasha
  2072 | D:2      | Killed Natasha
  2072 | D:2      | Reached XP level 5. HP: 32/38 MP: 5/5
  2424 | D:3      | Found a shattered altar of Ashenzari.
  2809 | D:3      | Found a basalt altar of Yredelemnul.
  3025 | D:3      | Found a bloodstained altar of Trog.
  3026 | D:3      | Noticed an eye of draining
  3070 | D:3      | Killed an eye of draining
  3070 | D:3      | Gained mutation: You have a pair of small horns on your
                  | head. [demonic ancestry]
  3070 | D:3      | Reached XP level 6. HP: 44/44 MP: 0/6
  3264 | D:4      | Learned a level 3 spell: Confusing Touch
  3636 | D:4      | Found a shadowy altar of Dithmenos.
  3639 | D:4      | Became a worshipper of Dithmenos the Shadowed
  3647 | D:4      | Reached skill level 1 in Hexes
  3714 | D:4      | Reached skill level 5 in Long Blades
  3714 | D:4      | Reached skill level 5 in Dodging
  4142 | D:4      | Reached skill level 1 in Short Blades
  4176 | D:4      | Reached skill level 1 in Stealth
  4176 | D:4      | Reached XP level 7. HP: 11/50 MP: 7/7
  4763 | D:5      | Entered Level 5 of the Dungeon
  4945 | D:5      | Found Ganeshopt's Mayhem Merchandise.
  4959 | D:5      | Bought a wand of iceblast (11) for 180 gold pieces
  5449 | D:5      | Found a shattered altar of Ashenzari.
  5580 | D:5      | Reached * piety under Dithmenos
  5840 | D:5      | Noticed Blork the orc
  5854 | D:5      | Killed Blork the orc
  6190 | D:5      | Noticed Menkaure
  6197 | D:5      | Killed Menkaure
  6197 | D:5      | Gained mutation: You have a pair of horns on your head.
                  | [demonic ancestry]
  6197 | D:5      | Reached XP level 8. HP: 49/56 MP: 8/8
  6504 | D:6      | Learned a level 2 spell: Slow
  6727 | D:6      | Found a snail-covered altar of Cheibriados.
  6737 | D:6      | Reached skill level 1 in Invocations
  7230 | D:7      | Noticed Pikel
  7261 | D:7      | Killed Pikel
  7261 | D:7      | Reached skill level 5 in Short Blades
  7721 | D:7      | Found a staircase to the Ecumenical Temple.
  7728 | D:7      | Found a flagged portal.
  7861 | D:7      | Reached XP level 9. HP: 17/64 MP: 7/11
  7875 | Bailey   | Entered a bailey
  8136 | Bailey   | Reached ** piety under Dithmenos
  8137 | Bailey   | Mangled by an orc warrior

Levels and vault maps discovered:
D:1:      scummos_arrival_star, layout_basic
D:2:      layout_basic, lemuel_crystal_altar, fedhas_altar_2,
          nicolae_qazlal_eye_of_the_storm, amethyst_overflow_temple_binary,
          guppyfry_early_lair_pool, uniq_natasha
D:3:      minmay_evil_eye, layout_basic, trog_eyes_of_draining,
          yredelemnul_altar_generic, cheibrodos_ashenzari_chains
D:4:      minmay_thick_lines, layout_rooms, kennysheep_mini_moat, first_ration,
          wad_orctagon
D:5:      layout_layer_cave, kennysheep_little_box, corexii_checkpoint_a,
          st_stairs_6, minmay_shop_mayhem, grunt_ministairs_11, uniq_menkaure,
          uniq_blork_the_orc
D:6:      layout_loops_corners, lemuel_doored_altar
D:7:      layout_rooms, minmay_temple_entry_glass, enter_bailey_8,
          hangedman_decor_slide_cut, bh_walls_and_bars, uniq_pikel
Bailey:   bailey_polearm_5, bailey

Skill      XL: |  1  2  3  4  5  6  7  8  9 |
---------------+----------------------------+-----
Long Blades    | 3 4 5 |  5.0
Dodging        | 3 4 5 |  5.0
Hexes          | 2 4 |  4.0
Short Blades   | 1 3 5 |  5.6
Stealth        | 1 2 4 |  4.2
Invocations    | 3 4 |  4.0
Fighting       | 3 |  3.6
Throwing       | |  1.7

Action                   |  1- 3 |  4- 6 |  7- 9 || total
-------------------------+-------+-------+-------++-------
Melee: Long sword        |    65 |    33 |       ||    98
       Dagger            |       |   267 |   312 ||   579
       Headbutt          |       |    27 |    68 ||    95
Throw: Dart              |       |     3 |     6 ||     9
 Cast: Confusing Touch   |       |       |    11 ||    11
Evoke: Wand              |       |       |     2 ||     2
  Use: Scroll            |       |    11 |     7 ||    18
       Potion            |       |       |     1 ||     1
 Stab: Distracted        |     1 |       |     1 ||     2
       Sleeping          |       |     5 |     9 ||    14
       Confused          |       |       |     5 ||     5
  Eat: Chunk             |     1 |    10 |    10 ||    21
       Ration            |       |       |     1 ||     1
Armor: Leather armour    |    24 |    68 |    81 ||   173
Dodge: Dodged            |    48 |   149 |   227 ||   424
       Rpst.: Long sword |    15 |     5 |       ||    20

Table legend:
 A = Non-vault XP
 B = Vault XP
 C = Vault XP percentage of total XP
 D = Non-vault monster count
 E = Vault monster count
 F = Vault count percentage of total count
                 A         B        C        D         E       F
            +---------+---------+-------+---------+---------+-------
      Total |    1530 |    1483 |  49.2 |     106 |      35 |  24.8
            +---------+---------+-------+---------+---------+-------
        D:1 |      35 |       0 |   0.0 |      23 |       0 |   0.0
        D:2 |     128 |      35 |  21.5 |      19 |       1 |   5.0
        D:3 |      39 |     157 |  80.1 |      12 |       6 |  33.3
        D:4 |     361 |     111 |  23.5 |      14 |      10 |  41.7
        D:5 |     376 |     312 |  45.3 |      14 |       7 |  33.3
        D:6 |     171 |       0 |   0.0 |       9 |       0 |   0.0
        D:7 |     420 |     697 |  62.4 |      15 |       1 |   6.2
     Bailey |       0 |     171 | 100.0 |       0 |      10 | 100.0
            +---------+---------+-------+---------+---------+-------
